[Event "*** Titled Tuesday Blitz"]
[Site "Chess.com"]
[Date "2021.03.30"]
[Round "1"]
[White "Mr_Sinigami"]
[Black "chessmause"]
[Result "1/2-1/2"]
[WhiteElo "2533"]
[BlackElo "2231"]
[TimeControl "180+1"]
[EndTime "10:07:42 PDT"]
[Termination "Game drawn - insufficient material"]

1. b3 e5 2. Bb2 Nc6 3. g3 d5 4. Bg2 Be6 5. d3 Qd7 6. Nf3 f6 7. O-O Bh3 8. c4 Bxg2 9. Kxg2 d4 10. e3 Bc5 11. b4 Bxb4 12. exd4 Nxd4 13. Nxd4 exd4 14.
Qf3 O-O-O 15. Na3 h5 16. Rab1 h4 17. g4 h3+ 18. Kh1 Qc6 19. Qxc6 bxc6 20. Nc2 Bc5 21.
Bc1 Nh6 22. f3 Nf7 23. Bf4 Rhe8 24. Rfe1 g5 25. Bg3 Bd6 26. Rxe8 Rxe8 27. Nxd4 Bxg3 28. hxg3 Re3 29. Nxc6 Rxf3 30. d4 Rxg3 31. Rf1 Nh6 32. Rxf6 Nxg4 33. Rf8+ Kb7 34. d5 Re3 35. Rb8+ Ka6 36.
Nb4+ Ka5 37. Nc6+ Ka4 38. Rb4+ Ka3 39. Rb3+ Rxb3 40. axb3 Kxb3 41. c5 Kc4 42. d6 cxd6 43.
cxd6 Nf6 44. Nxa7 Kd5 45. Nb5 Kc6 46. Nd4+ Kxd6 47. Kh2 Ke5 48. Nf3+ Kf4 49. Nxg5 Kxg5 50. Kxh3 1/2-1/2

[Event "*** Titled Tuesday Blitz"]
[Site "Chess.com"]
[Date "2021.03.30"]
[Round "1"]
[White "Redbandit87"]
[Black "Shahaliyev"]
[Result "1/2-1/2"]
[WhiteElo "2358"]
[BlackElo "2657"]
[TimeControl "180+1"]
[EndTime "10:07:43 PDT"]
[Termination "Game drawn by repetition"]

1. d4 d6 2. Bf4 Nf6 3. Nc3 Bf5 4. f3 d5 5. e3 e6 6. g4 Bg6 7. h4 h5 8. g5 Nfd7 9. Bd3 Bxd3 10. Qxd3 g6 11. Nb5 Na6 12. Ne2 Bg7 13. c4 O-O 14. cxd5 exd5 15. a3 Nb6 16. O-O c6 17. Nbc3 Re8 18.
Rf2 Qd7 19. Kg2 Rad8 20. b4 Nc4 21. Nc1 b6 22. Nb3 Re6 23. Nd2 b5 24. Nxc4 bxc4 25.
Qc2 Nc7 26. a4 Rde8 27. Rd1 R6e7 28. Re2 Ne6 29. Bg3 f6 30. f4 f5 31. b5 Nc7 32.
Rb1 Rxe3 33. Rxe3 Rxe3 34. Bf2 Re8 35. Qd2 Ne6 36. Re1 Qd6 37. Kf3 Kf7 38. a5 cxb5 39. Nxb5 Qb8 40. Nc3 Qd6 41. Rb1 Re7 42. Rb5 Nc7 43.
Rc5 Na6 44. Rxd5 Qc6 45. Kg3 Nb4 46. Rc5 Qh1 47. Rxc4 Na6 48. d5 Rd7 49. d6 Bf8 50. Rc6 Nb4 51. Rc7 Ke8 52. Rc8+ Kf7 53. Rc7 Ke8 54.
Rc8+ Kf7 55. Rc7 1/2-1/2

[Event "*** Titled Tuesday Blitz"]
[Site "Chess.com"]
[Date "2021.03.30"]
[Round "1"]
[White "pastouche06"]
[Black "HeroString"]
[Result "1-0"]
[WhiteElo "2554"]
[BlackElo "2246"]
[TimeControl "180+1"]
[EndTime "10:07:43 PDT"]
[Termination "pastouche06 won on time"]

1. d4 d5 2. c4 c6 3. Nf3 Nf6 4. Qc2 dxc4 5. e4 b5 6. b3 cxb3 7. axb3 Bb7 8. Bd2 Nbd7 9. Ba5 Nb6 10. Bd3 e6 11. O-O Be7 12. Nbd2 h6 13. b4 O-O 14. Nb3 Qc8 15. Nc5 Nbd7 16. Qe2 Nxc5 17. bxc5 Bd8 18. Bd2 Bc7 19. e5 Nd5 20. Qe4 f5 21. exf6 Rxf6 22. Ne5 a5 23. Qh7+ Kf8 24. Qh8+ Ke7 25. Qxg7+ Kd8 26.
Nf7+ Ke8 27. Bg6 Rxg6 28. Qxg6 Ne7 29. Qh5 Kd7 30. Ne5+ Bxe5 31. dxe5 Qg8 32. Rxa5 Rxa5 33. Bxa5 Qg5 34. Rd1+ Nd5 35. Qf7+ Qe7 36. Qg8 b4 37.
Qb8 Bc8 38. Bxb4 Qg5 39. Bd2 Qg4 40. Rf1 h5 41. Qd6+ Ke8 42. Qxc6+ Bd7 43. Qd6 h4 44. c6 Bc8 45. c7 h3 46. Qd8+ Kf7 47. Qg5 1-0

[Event "*** Titled Tuesday Blitz"]
[Site "Chess.com"]
[Date "2021.03.30"]
[Round "1"]
[White "Limelight2727"]
[Black "Nikolaj_6"]
[Result "0-1"]
[WhiteElo "2346"]
[BlackElo "2646"]
[TimeControl "180+1"]
[EndTime "10:07:44 PDT"]
[Termination "Nikolaj_6 won by checkmate"]

1. d4 Nf6 2. c4 e6 3. Nc3 Bb4 4. Qc2 b6 5. a3 Bxc3+ 6. Qxc3 Bb7 7. f3 d5 8. Bg5 Nbd7 9. e3 O-O 10. Bd3 h6 11.
Bh4 c5 12. Ne2 Rc8 13. cxd5 Nxd5 14. Bxd8 Nxc3 15. bxc3 Rfxd8 16. O-O e5 17. Bf5 Ba6 18. Rfe1 exd4 19. cxd4 Bxe2 20. Rxe2 cxd4 21. exd4 g6 22. Bxd7 Rxd7 23. Rd1 Rc4 24. d5 Kf8 25. d6 Rc6 26.
Red2 Ke8 27. Rd3 Rc2 28. R1d2 Rxd2 29. Rxd2 Rd8 30. Re2+ Kf8 31. Rd2 Kg7 32. a4 Kf6 33. a5 bxa5 34. Rd5 a6 35. d7 Ke7 36. Rxa5 Ra8 37.
Rd5 Kd8 38. Kf2 a5 39. h4 a4 40. Rd3 a3 41. Rd1 a2 42. Ra1 Kxd7 43. Ke3 Ke6 44. g4 Ra3+ 45. Kf4 f6 46. Re1+ Kf7 47. Ra1 Ra4+ 48. Kg3 g5 49. h5 Ke6 50. Kf2 f5 51. Ke3 Ke5 52. gxf5 Kxf5 53. Kd3 Kf4 54. Kc3 Kxf3 55. Kb3 Ra6 56. Rxa2 Rxa2 57. Kxa2 Kg4 58.
Kb3 Kxh5 59. Kc4 Kg4 60. Kd5 Kf3 61. Kd6 g4 62. Kd7 g3 63. Kc8 g2 64. Kb7 g1=Q 65.
Kc6 Qg5 66. Kd7 Qf6 67. Kc8 Qe7 68. Kb8 Ke4 69. Ka8 Kd5 70. Kb8 Kc6 71. Ka8 Qb7# 0-1

[Event "*** Titled Tuesday Blitz"]
[Site "Chess.com"]
[Date "2021.03.30"]
[Round "1"]
[White "tsaruk_maks"]
[Black "Vusatiuk_Vladimir"]
[Result "1-0"]
[WhiteElo "2616"]
[BlackElo "2316"]
[TimeControl "180+1"]
[EndTime "10:07:44 PDT"]
[Termination "tsaruk_maks won by resignation"]

1. e4 c5 2. Nf3 e6 3. d4 cxd4 4. Nxd4 Nf6 5. Nc3 Qb6 6. a3 Bc5 7. Be3 Nc6 8. b4 Bxd4 9. Na4 Bxa1 10. Bxb6 axb6 11. Nxb6 Bc3+ 12. Ke2 Rb8 13. Qd3 Bd4 14. Nc4 b5 15. Nd6+ Ke7 16. Nxb5 Ba6 17. c4 d5 18.
exd5 exd5 19. Nxd4 Bxc4 20. Nxc6+ Kd6 21. Nxb8 Rxb8 22.
Kd2 Bxd3 23. Bxd3 Ra8 24. Ra1 d4 25. Kc2 Nd5 26. Kb3 Nf4 27. Bc4 f5 28. g3 Nh3 29.
f4 g5 30. fxg5 Nxg5 31. a4 Nf3 32. Rd1 Ke5 33. a5 Nxh2 34. Ka4 Ng4 35. b5 Ne3 36. Re1 Kd6 37. Bd3 Kc5 38. Rc1+ Kd6 39. b6 Nd5 40. b7 Rb8 41. a6 Nc3+ 42. Ka5 Kc5 43.
Bxf5 Rxb7 44. axb7 Kd6 45. b8=Q+ 1-0

[Event "*** Titled Tuesday Blitz"]
[Site "Chess.com"]
[Date "2021.03.30"]
[Round "1"]
[White "MuhittinBuker"]
[Black "Mikhail_Golubev"]
[Result "0-1"]
[WhiteElo "2199"]
[BlackElo "2527"]
[TimeControl "180+1"]
[EndTime "10:07:44 PDT"]
[Termination "Mikhail_Golubev won on time"]

1. d4 Nf6 2. c4 g6 3. Nc3 Bg7 4. e4 d6 5. Nf3 O-O 6. Be2 e5 7. O-O Nc6 8. d5 Ne7 9. Ne1 Ne8 10. Nd3 f5 11. Bd2 Kh8 12. a4 Nf6 13. f3 a5 14. b4 axb4 15. Nxb4 f4 16. Nd3 g5 17. c5 Ng6 18. cxd6 cxd6 19. Nf2 h5 20. h3 Rf7 21. Nb5 Bf8 22. Qc2 g4 23. hxg4 hxg4 24. fxg4 Rh7 25. Rfc1 Ne8 26. Ra3 Be7 27.
Rc3 Bd7 28. Qb3 Bh4 29. Be1 Bg3 30. Nh3 Bxe1 31. Rxe1 Qh4 32. Rec1 Bxg4 33. Bxg4 Qxg4 34. Nc7 Nh4 35. Qb2 Nxc7 36. Rxc7 Rg8 37. Rxh7+ Kxh7 38. Rc2 Qxh3 39. Qxb7+ Kh8 40. Qb2 Nf3+ 41. Kf1 Qh1+ 42. Ke2 Qe1+ 43. Kd3 Qe3+ 44. Kc4 Rc8+ 45. Kb5 Rxc2 0-1

[Event "*** Titled Tuesday Blitz"]
[Site "Chess.com"]
[Date "2021.03.30"]
[Round "1"]
[White "geordie_derraugh"]
[Black "Srinavasan"]
[Result "0-1"]
[WhiteElo "2469"]
[BlackElo "2964"]
[TimeControl "180+1"]
[EndTime "10:07:45 PDT"]
[Termination "Srinavasan won by resignation"]

1. e4 c5 2. Nf3 d6 3. Bb5+ Nd7 4. d4 cxd4 5. Qxd4 a6 6. Bxd7+ Qxd7 7. Nc3 e5 8. Qd3 Qc6 9. Be3 h6 10. O-O-O Nf6 11.
Nxe5 Qc7 12. Nc4 Be6 13. Nxd6+ Bxd6 14. Qxd6 Rc8 15. Qxc7 Rxc7 16. Bb6 Rc8 17. f3 O-O 18. Rd6 Nd7 19. f4 Rc4 20. f5 Nxb6 21. fxe6 Nc8 22.
exf7+ Rxf7 23. Rd8+ Kh7 24. Rhd1 b5 25. R8d7 Rf2 26.
R7d2 Rf7 27. Re2 Rc6 28. Nd5 Re6 29. e5 Na7 30. g3 Nc6 31. Rde1 g5 32. c3 Kg6 33.
Kd2 Rd7 34. Kc2 Rxd5 35. a4 Rexe5 36. Rxe5 Nxe5 37. axb5 axb5 38. Re4 Kf5 39. Rb4 Nd3 40. g4+ Ke5 41. Rb3 Ne1+ 42. Kc1 Nd3+ 43. Kc2 Kf4 44. h3 Kg3 45. Ra3 Kxh3 46. c4 bxc4 47. b3 cxb3+ 48. Rxb3 Kh4 49. Rxd3 Rxd3 0-1

[Event "*** Titled Tuesday Blitz"]
[Site "Chess.com"]
[Date "2021.03.30"]
[Round "1"]
[White "jcibarra"]
[Black "InitiatingASC"]
[Result "1-0"]
[WhiteElo "2826"]
[BlackElo "2434"]
[TimeControl "180+1"]
[EndTime "10:07:45 PDT"]
[Termination "jcibarra won on time"]

1. e4 e5 2. Nf3 Nf6 3. Nxe5 d6 4. Nf3 Nxe4 5. Nc3 Nxc3 6. dxc3 Be7 7. Be3 Nc6 8. Qd2 Bf5 9. O-O-O a6 10. Bc4 Qd7 11.
h3 Be6 12. Bb3 O-O-O 13. Nd4 Bxb3 14. axb3 Bf6 15. f4 Rhe8 16. Qd3 Kb8 17. g4 g6 18. Nf3 Re7 19. Rhe1 Rde8 20. Bf2 Rxe1 21. Rxe1 Rxe1+ 22. Bxe1 h5 23. Nh2 hxg4 24. hxg4 Qe7 25. Bf2 g5 26. f5 Be5 27. Nf3 Bf4+ 28. Kd1 Ne5 29. Qe4 Qd8 30. Nxe5 dxe5+ 31. Qd3 Kc8 32. Ke2 Qh8 33. Qd5 Qe8 34.
Kf3 Qd7 35. Ke4 Qxd5+ 36. Kxd5 Kd7 37. c4 f6 38. b4 Bc1 39. b3 Bd2 40. b5 axb5 41.
cxb5 Bf4 42. Ke4 Bd2 43. c4 Bf4 44. Bc5 Bg3 45. Bf8 Ke8 46. Bc5 1-0

[Event "*** Titled Tuesday Blitz"]
[Site "Chess.com"]
[Date "2021.03.30"]
[Round "1"]
[White "Loy_Konstantin"]
[Black "SchmakAttack"]
[Result "0-1"]
[WhiteElo "2319"]
[BlackElo "2619"]
[TimeControl "180+1"]
[EndTime "10:07:45 PDT"]
[Termination "SchmakAttack won by checkmate"]

1. e4 e6 2. d3 d5 3. Nd2 Nc6 4. Ngf3 Nf6 5. c3 e5 6. Be2 Be7 7. O-O O-O 8. b4 a6 9. a4 Re8 10. Bb2 Bf8 11. b5 Na5 12. Qc2 Bg4 13. h3 Bh5 14.
Rfe1 c5 15. c4 d4 16. Nh2 Bg6 17. Nb3 Nxb3 18. Qxb3 Bd6 19. Rf1 Nd7 20. Bg4 Nf8 21. Qd1 Ne6 22. Bxe6 Rxe6 23. Qg4 Re8 24. Nf3 Qa5 25.
Nh4 Qd2 26. Bc1 Qxd3 27. Bg5 Qxe4 28. Qg3 Qd3 29. Qg4 Qxc4 30. Rac1 Qe6 31. Qg3 axb5 32. axb5 e4 33. Bf4 Bxf4 34. Qxf4 e3 35. fxe3 dxe3 36. Qf3 e2 37. Rfe1 b6 38. Kf2 Rad8 39. g3 Rd3 40.
Qg4 Qe3+ 41. Kg2 Be4+ 42. Nf3 Bxf3+ 43. Kh2 Bxg4 44. hxg4 Qxg3+ 45. Kh1 Qh3+ 46. Kg1 Rg3+ 47. Kf2 Qh2# 0-1

[Event "*** Titled Tuesday Blitz"]
[Site "Chess.com"]
[Date "2021.03.30"]
[Round "1"]
[White "Mops_2004"]
[Black "Bhagya_2312"]
[Result "1-0"]
[WhiteElo "2513"]
[BlackElo "2154"]
[TimeControl "180+1"]
[EndTime "10:07:46 PDT"]
[Termination "Mops_2004 won on time"]

1. Nf3 d5 2. g3 Nf6 3. Bg2 c6 4. O-O Bf5 5. c4 e6 6. Qb3 Qb6 7. d3 Nbd7 8. cxd5 exd5 9. Qc2 h6 10.
Nc3 Be7 11. e4 dxe4 12. dxe4 Bh7 13. Qe2 Nc5 14. Be3 Qa6 15. Qxa6 Nxa6 16. Ne5 Bc5 17. Bxc5 Nxc5 18. f3 Ke7 19. Rfd1 Rhd8 20. Bf1 Nfd7 21. Nc4 Nb6 22. Na5 Rab8 23. b3 Ne6 24. Kf2 f5 25. e5 f4 26. Rxd8 Kxd8 27. Bh3 fxg3+ 28. hxg3 Ke7 29. f4 Nc5 30. Rd1 g5 31. Ke3 gxf4+ 32. gxf4 Rg8 33. Kf3 Rd8 34. Rxd8 Kxd8 35. b4 Nd3 36. a3 Kc7 37. Ke3 Nb2 38. Kd4 N2a4 39. Nxa4 Nxa4 40. Nc4 b6 41. e6 c5+ 42. Ke5 cxb4 43.
axb4 Kd8 44. f5 Nc3 45. f6 Nb5 46. e7+ Ke8 47. Nd6+ 1-0

[Event "*** Titled Tuesday Blitz"]
[Site "Chess.com"]
[Date "2021.03.30"]
[Round "1"]
[White "Gabix_94"]
[Black "english_player_89"]
[Result "1-0"]
[WhiteElo "2805"]
[BlackElo "2426"]
[TimeControl "180+1"]
[EndTime "10:07:47 PDT"]
[Termination "Gabix_94 won by resignation"]

1. e4 e5 2. Nf3 Nc6 3. Bb5 a6 4.
Ba4 Nf6 5. d4 exd4 6. O-O Be7 7.
e5 Ne4 8. Nxd4 Nc5 9. Nf5 O-O 10. Qg4 g6 11. Bxc6 dxc6 12. Nxe7+ Qxe7 13. Qg3 Re8 14. Re1 Bf5 15. Nc3 Ne6 16. Nd1 Bxc2 17. Ne3 Nd4 18. Ng4 h5 19. Nh6+ Kh7 20. Bg5 Qe6 21.
Qf4 Nf5 22. Rac1 Nxh6 23. Bxh6 Qf5 24. Qe3 Be4 25. f3 Bd5 26. Bg5 Re6 27. f4 Rae8 28.
Qf2 Bxa2 29. h3 Bd5 30. Rc3 Rxe5 31. fxe5 Qxg5 32. Rce3 Kg7 33. Qf6+ Kh6 34. Qf2 Kg7 35. Rg3 Qe7 36. Kh2 Kh7 37. Qf4 a5 38. Re2 Qb4 39. Qf6 Qe7 40. Qf2 b6 41. Qf4 Qb4 42. Qf2 a4 43. Rge3 Ra8 44. Kg1 a3 45. bxa3 Rxa3 46.
Kh2 Rxe3 47. Rxe3 Qe7 48. Qf4 Qe6 49. Re2 b5 50. Rf2 Qe7 51. g4 hxg4 52. hxg4 b4 53. Kg3 Kg7 54. Rh2 f6 55. exf6+ Qxf6 56. Rh7+ Kxh7 57.
Qxf6 b3 58. Kf4 Bg8 59. Kg5 b2 60. Qxb2 Bd5 61. Qh2+ 1-0

[Event "*** Titled Tuesday Blitz"]
[Site "Chess.com"]
[Date "2021.03.30"]
[Round "1"]
[White "esrosenberg"]
[Black "chess94cu"]
[Result "0-1"]
[WhiteElo "2224"]
[BlackElo "2543"]
[TimeControl "180+1"]
[EndTime "10:07:47 PDT"]
[Termination "chess94cu won by checkmate"]

1. Nf3 Nf6 2. c4 e6 3. Nc3 d5 4.
d4 Nbd7 5. Bg5 c6 6. e3 Qa5 7. Nd2 Bb4 8. Rc1 Ne4 9. Ndxe4 dxe4 10. Bf4 e5 11. dxe5 Nxe5 12. Qd4 Ng6 13. Qxg7 Be6 14. Qf6 Be7 15. Qd4 f5 16. Be2 Kf7 17. c5 Bxc5 18. Qa4 Qxa4 19. Nxa4 Bb4+ 20. Nc3 Nxf4 21. exf4 Rad8 22.
h3 Kf6 23. a3 Ba5 24. b4 Bc7 25. g4 Bxf4 26. Rd1 Be5 27. Rc1 Rd4 28. gxf5 Bxf5 29.
f3 exf3 30. Bxf3 Bf4 31. Rd1 Rxd1+ 32. Nxd1 Rd8 33. Kf2 Rd2+ 34. Be2 Ra2 35. Re1 Rxa3 36. Bf3 Bxh3 37. Re2 Bf5 38. Ne3 Bxe3+ 39. Rxe3 Rxe3 40. Kxe3 Ke5 41. b5 cxb5 42. Bxb7 b4 43. Ba6 h5 44.
Kd2 Kd4 45. Bf1 h4 46. Kc1 a5 47. Kb2 a4 48. Ka2 Be6+ 49. Kb2 a3+ 50. Ka1 Kc3 51. Be2 b3 52. Kb1 Bf5+ 53. Ka1 b2+ 54. Ka2 b1=Q+ 55. Kxa3 Qb3# 0-1

[Event "*** Titled Tuesday Blitz"]
[Site "Chess.com"]
[Date "2021.03.30"]
[Round "1"]
[White "pavelalexandru07"]
[Black "MPGM"]
[Result "0-1"]
[WhiteElo "2295"]
[BlackElo "2587"]
[TimeControl "180+1"]
[EndTime "10:07:48 PDT"]
[Termination "MPGM won by resignation"]

1. e4 e5 2. Nf3 Nc6 3. Bb5 Nf6 4.
O-O Nxe4 5. d4 Nd6 6. dxe5 Nxb5 7. a4 Nbd4 8. Nxd4 Nxd4 9. Qxd4 d5 10. exd6 Qxd6 11.
Qe4+ Qe6 12. Qd4 Qd6 13. Qe4+ Be7 14. Re1 Be6 15. Qxb7 O-O 16. Nc3 c6 17. Bf4 Qb4 18. Qxb4 Bxb4 19. Re3 Bf5 20. Rc1 Rfe8 21. Rce1 Rxe3 22.
Bxe3 Bxc2 23. Rc1 Bb3 24. Ne4 Rd8 25. h3 a5 26. Rxc6 Bxa4 27. Rc7 f5 28. Ng3 Bd6 29. Rc4 Bb3 30. Rh4 g6 31. Rd4 Be7 32. Rxd8+ Bxd8 33. Bd2 a4 34. Bc3 Bc4 35. Nf1 Kf7 36. Nd2 Bd5 37.
f3 Bb6+ 38. Kf1 Ke6 39. Ke2 Bb7 40. Kd3 Ba6+ 41. Kc2 Kd5 42. Bf6 Be3 43. Bc3 h5 44. g4 fxg4 45. fxg4 hxg4 46. hxg4 Bc8 47. g5 Bxg5 48.
Nf3 Bf5+ 49. Kd1 Bg4 50. Ke2 Ke4 0-1

[Event "*** Titled Tuesday Blitz"]
[Site "Chess.com"]
[Date "2021.03.30"]
[Round "1"]
[White "scarabee43"]
[Black "chessprincesa1"]
[Result "1-0"]
[WhiteElo "2571"]
[BlackElo "2268"]
[TimeControl "180+1"]
[EndTime "10:07:48 PDT"]
[Termination "scarabee43 won by resignation"]

1. d4 Nf6 2. c4 e6 3. Nf3 d5 4. Nc3 Bb4 5. cxd5 exd5 6. Bg5 h6 7. Bxf6 Qxf6 8. e3 O-O 9. Qb3 Bxc3+ 10. Qxc3 Qe7 11.
Rc1 c6 12. Bd3 Be6 13. O-O Nd7 14. b4 a6 15. Nd2 Rfe8 16. Nb3 Nf6 17. Nc5 Rad8 18. a4 Bc8 19. b5 axb5 20. axb5 Nh5 21. bxc6 bxc6 22. Be2 Qg5 23. Nd3 Bh3 24. Bf3 Rd6 25.
Kh1 Bg4 26. Bxg4 Qxg4 27. Ne5 Qg5 28. Qa3 Rf6 29. Rxc6 Rxc6 30. Nxc6 Re6 31. Ne5 Rf6 32. Qa8+ Kh7 33. Qxd5 Qh4 34. Kg1 Qg5 35. Qe4+ g6 36. h4 Qf5 37. Qxf5 gxf5 38. Rc1 f4 39. e4 Rd6 40. d5 f6 41. Rc7+ Kg8 42. Nf7 Ra6 43.
Nxh6+ Kf8 44. Nf5 Ra1+ 45. Kh2 Ra2 46. d6 Ke8 47. Rh7 Ng3 48. fxg3 fxg3+ 49. Kxg3 Rd2 50.
Re7+ Kd8 51. h5 Rd3+ 52. Kh2 Rd1 53. h6 Rxd6 54. Rg7 Rd2 55. h7 1-0

[Event "*** Titled Tuesday Blitz"]
[Site "Chess.com"]
[Date "2021.03.30"]
[Round "1"]
[White "andriipalchuk"]
[Black "DFeco"]
[Result "1-0"]
[WhiteElo "2613"]
[BlackElo "2311"]
[TimeControl "180+1"]
[EndTime "10:07:49 PDT"]
[Termination "andriipalchuk won on time"]

1. d4 d5 2. c4 c6 3. Nc3 Nf6 4.
Nf3 a6 5. e3 Bf5 6. b3 e6 7. Bb2 Nbd7 8. Bd3 Bg6 9. O-O Bd6 10.
Rc1 O-O 11. Ne2 Ne4 12. Ne5 Bxe5 13. dxe5 Ndc5 14. Bc2 Qg5 15. Nf4 Rad8 16. cxd5 exd5 17. f3 f6 18. e6 Nxe6 19. Nxe6 Qxe3+ 20. Kh1 Nf2+ 21.
Rxf2 Qxf2 22. Nxf8 Rxf8 23. Bd4 Qh4 24. Bxg6 hxg6 25. Qe2 Kf7 26. Re1 Kg8 27. Bf2 Qb4 28.
Bg3 Qb6 29. Qe6+ Kh8 30. Qh3+ Kg8 31. Qg4 Kh7 32. h4 Qc5 33. Qd7 Kg8 34. Re7 Qc1+ 35. Kh2 Qh6 36. Qxb7 g5 37. Qxc6 gxh4 38. Qxd5+ Kh8 39.
Bd6 Qg6 40. Qe4 Qh6 41. Re8 Rxe8 42. Qxe8+ Kh7 43. Qe4+ Kh8 44. Bf4 Qh5 45. Qa8+ Kh7 46. Qxa6 g5 47. Qb7+ Kh6 48. Bd6 Qg6 49. Qe7 Kh5 50.
Qe6 Kh6 51. Bf8+ Kh7 52. Be7 1-0

[Event "*** Titled Tuesday Blitz"]
[Site "Chess.com"]
[Date "2021.03.30"]
[Round "1"]
[White "KacperPolOK"]
[Black "Mamedyarov_twitch"]
[Result "0-1"]
[WhiteElo "2465"]
[BlackElo "2940"]
[TimeControl "180+1"]
[EndTime "10:07:50 PDT"]
[Termination "Mamedyarov_twitch won by resignation"]

1. e4 c5 2. Nc3 e6 3. Nf3 Nc6 4. Bb5 Nd4 5. Bc4 Ne7 6. O-O Nec6 7. d3 Be7 8. Nxd4 cxd4 9. Ne2 O-O 10. Bb3 d6 11. c3 Bf6 12. cxd4 Nxd4 13. Be3 Nxb3 14. Qxb3 b6 15. Rac1 Bb7 16. Nc3 Qd7 17. Nb5 Bc6 18.
Nd4 Bb7 19. Nb5 Bc6 20. Nd4 Bxd4 21. Bxd4 Rac8 22. Rc3 d5 23. e5 Bb7 24. Rfc1 Rxc3 25. Rxc3 Rc8 26. Qc2 Rxc3 27. Qxc3 h6 28. b3 Kh7 29. f4 Ba6 30. Kf2 Qe7 31. g3 g5 32.
Be3 Kg6 33. Qc2 d4 34. Bxd4 gxf4 35. Qe2 fxg3+ 36. hxg3 Qg5 37. Qe4+ Kg7 38. Be3 Qh5 39.
Qf4 Bxd3 40. g4 Qh4+ 41. Qg3 Qh1 42. Qf4 Bg6 43. Qf6+ Kh7 44. Ke2 Qg2+ 45. Bf2 Qxg4+ 46. Kd2 Qg5+ 47. Qxg5 hxg5 48. Ke3 Bf5 49. Kf3 Kg6 50. Bd4 Bb1 51. a4 Bc2 52. a5 bxa5 53. Bxa7 Bxb3 54. Bb6 a4 55. Bc5 Kf5 56. Bd6 f6 57. exf6 Kxf6 0-1

[Event "*** Titled Tuesday Blitz"]
[Site "Chess.com"]
[Date "2021.03.30"]
[Round "1"]
[White "attack2mateU"]
[Black "DrMamaliga"]
[Result "1-0"]
[WhiteElo "2752"]
[BlackElo "2405"]
[TimeControl "180+1"]
[EndTime "10:07:51 PDT"]
[Termination "attack2mateU won on time"]

1. e4 e5 2. Nf3 Nc6 3. Bc4 Nf6 4. Ng5 d5 5. exd5 Na5 6. Bb5+ c6 7. dxc6 bxc6 8.
Bd3 Ng4 9. Ne4 f5 10. Be2 h5 11.
h3 fxe4 12. hxg4 Bc5 13. Nc3 Qd4 14. O-O O-O 15. Qe1 hxg4 16. d3 g3 17. Nxe4 gxf2+ 18. Rxf2 Bb6 19. Bf1 Bf5 20. c3 Qd7 21. Be3 Bxe4 22.
dxe4 Bxe3 23. Qxe3 Rxf2 24. Qxf2 Rf8 25. Qc5 Qd2 26.
Kh1 Qh6+ 27. Kg1 Qd2 28. b4 Nb7 29. Qc4+ Kh7 30. Qd3 Qf2+ 31. Kh1 Rf6 32. g4 Rh6+ 33. Bh3 Nd6 34. Rg1 Nxe4 35. Rg2 Qe1+ 36. Kh2 g6 37. g5 Rh5 38. Qd7+ Kh8 39. Qe8+ Kg7 40. Qxe5+ Kg8 41. Qe6+ Kg7 42. Qe7+ Kg8 43. Qd8+ Kg7 44. Qd7+ Kg8 45. Qxc6 Nxg5 46. Qxg6+ Kh8 47. Qxh5+ 1-0

[Event "*** Titled Tuesday Blitz"]
[Site "Chess.com"]
[Date "2021.03.30"]
[Round "1"]
[White "HanSchut"]
[Black "Zq1"]
[Result "1/2-1/2"]
[WhiteElo "2243"]
[BlackElo "2539"]
[TimeControl "180+1"]
[EndTime "10:07:52 PDT"]
[Termination "Game drawn by agreement"]

1. e4 c5 2. Nf3 d6 3. d4 cxd4 4. Nxd4 Nf6 5. f3 e6 6. c4 b6 7. Nc3 Bb7 8. Be3 Be7 9. Be2 O-O 10. O-O a6 11. Qd2 Qc7 12. Rac1 Nbd7 13. Rfd1 Rac8 14. Bf1 Qb8 15. Qf2 Rfe8 16. Kh1 Bd8 17. Qg1 Bc7 18.
b4 Ba8 19. Nb3 h6 20. Na4 Bc6 21. Nc3 Ba8 22. Na4 d5 23. cxd5 exd5 24. exd5 Nxd5 25. Bd4 Nxb4 26. Bxg7 Kxg7 27. Rxd7 Bc6 28. Rxc7 Qxc7 29. Qd4+ Qe5 30. Qxb4 Bxa4 31. Rxc8 Rxc8 32. Qxa4 Rc2 33. Qxa6 Rf2 34. Qd3 Rxa2 35. Qd4 Qxd4 36. Nxd4 Kf6 37. Kg1 Ke5 38. Nb5 Rb2 39. h3 Kd5 40. Bd3 Kc5 41.
Nc7 Kd4 42. Be4 b5 43. Kh2 b4 44. Kg3 b3 45. Bd5 Rb1 46. Bxf7 b2 47. Bg6 Rc1 48. Ne6+ Ke5 49. Nf4 b1=Q 50. Bxb1 Rxb1 51. Ne2 Kf6 52. h4 Kg7 53. Ng1 Rb2 54. Nh3 1/2-1/2

[Event "*** Titled Tuesday Blitz"]
[Site "Chess.com"]
[Date "2021.03.30"]
[Round "1"]
[White "ENajer77"]
[Black "chessmachine14"]
[Result "1-0"]
[WhiteElo "2623"]
[BlackElo "2327"]
[TimeControl "180+1"]
[EndTime "10:07:53 PDT"]
[Termination "ENajer77 won on time"]

1. d4 Nf6 2. c4 g6 3. Nc3 Bg7 4. e4 d6 5. Be2 O-O 6. Be3 c5 7. d5 e6 8. Nf3 exd5 9. cxd5 Bg4 10. Nd2 Bxe2 11. Qxe2 Na6 12. O-O Nc7 13. a4 a6 14.
Bg5 Re8 15. Qd3 Qd7 16. Nc4 Rad8 17. Nb6 Qg4 18. f4 h6 19. h3 Qh5 20. Bxf6 Bxf6 21. Rae1 Bd4+ 22. Kh2 Qh4 23. b3 Qe7 24. Nb1 g5 25. fxg5 Be5+ 26. Kh1 Qxg5 27. Nd2 Bg3 28. Re2 Kh8 29. Rf5 Qg7 30. Nf1 Be5 31. Ne3 Rg8 32.
Rf1 Qg3 33. Kg1 Ne8 34. Rf3 Qxf3 35. Rf2 Qxh3 36. Nbc4 Qh2+ 37. Kf1 Bg3 38. Qc3+ Kh7 39. Rxf7+ Rg7 40. Rf8 Qh1+ 41. Ke2 Rdd7 42. e5 Rdf7 43. Qd3+ 1-0

[Event "*** Titled Tuesday Blitz"]
[Site "Chess.com"]
[Date "2021.03.30"]
[Round "1"]
[White "LastHeroJr"]
[Black "VladimirBugayev"]
[Result "0-1"]
[WhiteElo "2556"]
[BlackElo "2292"]
[TimeControl "180+1"]
[EndTime "10:07:53 PDT"]
[Termination "VladimirBugayev won on time"]

1. e4 c6 2. Nf3 d5 3. d3 dxe4 4. dxe4 Qxd1+ 5. Kxd1 g6 6. Nfd2 Bg7 7. c3 Be6 8. Kc2 Nd7 9. f3 O-O-O 10. Nc4 Bxc4 11. Bxc4 e6 12. Be3 Nb6 13. Be2 Ne7 14. Nd2 Kc7 15.
a4 a6 16. a5 Nbc8 17. Nc4 f6 18. h4 h5 19. Nb6 Bh6 20. f4 e5 21. g3 f5 22.
exf5 Nxf5 23. Bc5 exf4 24. gxf4 Bxf4 25. Bd3 Be3 26. Bxf5 Rd2+ 27. Kb3 Bxc5 28. Bd7 Nxb6 29. Bh3 Nd5 30. Raf1 Re8 31. Rf7+ Re7 32. Rhf1 Re2 33.
Rf8 Rh2 34. Rc8+ Kd6 35. Rd8+ Ke5 36. Re1+ Kf4 37. Bc8 Rxe1 38. Bxb7 Rb1 39. Bxc6 Rbxb2+ 40. Kc4 Be7 41. Rxd5 Bf6 42. Rd6 Ke5 43. Rd5+ Ke6 44. Bd7+ Ke7 45. Bc8 Rxh4+ 46. Kc5 Rb5+ 47. Kc6 Rc4+ 0-1

[Event "*** Titled Tuesday Blitz"]
[Site "Chess.com"]
[Date "2021.03.30"]
[Round "1"]
[White "parintele_chess"]
[Black "SoldierOfGod1"]
[Result "1-0"]
[WhiteElo "2224"]
[BlackElo "2510"]
[TimeControl "180+1"]
[EndTime "10:07:53 PDT"]
[Termination "parintele_chess won by checkmate"]

1. Nf3 Nf6 2. d4 e6 3. b3 c5 4. Bb2 Nc6 5. e3 d5 6. Nbd2 Bd6 7. Be2 O-O 8. h3 b6 9. O-O Bb7 10. a3 Qe7 11. c4 Rac8 12. Rc1 Rfd8 13. cxd5 exd5 14.
dxc5 bxc5 15. Qc2 Ne5 16. Nxe5 Bxe5 17. Nf3 Bd6 18. Qf5 Qe6 19. Qg5 h6 20. Qh4 Ne4 21.
Rfd1 Be7 22. Qg4 Qxg4 23. hxg4 g5 24. Bd3 Nf6 25. Bf5 Rc6 26. Ne5 Rb6 27. Rd3 Ba6 28. Rdc3 d4 29. exd4 cxd4 30. Rc7 Bd6 31. Nxf7 Bxc7 32.
Rxc7 Nd5 33. Nxh6+ Kf8 34. Rf7+ Ke8 35. Rh7 Rdd6 36.
Ng8 Rxb3 37. Bxd4 Nf4 38. Re7+ Kd8 39. Bf6 Rd1+ 40. Kh2 Nd5 41. Rd7+ Ke8 42. Be6 Nxf6 43. Nxf6+ Kf8 44. Rf7# 1-0

[Event "*** Titled Tuesday Blitz"]
[Site "Chess.com"]
[Date "2021.03.30"]
[Round "1"]
[White "Leo_C"]
[Black "DenisQ"]
[Result "1/2-1/2"]
[WhiteElo "2351"]
[BlackElo "2634"]
[TimeControl "180+1"]
[EndTime "10:07:55 PDT"]
[Termination "Game drawn by agreement"]

1. d4 d5 2. c4 c6 3. Nc3 Nf6 4. Nf3 e6 5. e3 Nbd7 6. Qc2 Bd6 7.
g4 Nxg4 8. Rg1 Nxh2 9. Nxh2 Bxh2 10. Rxg7 Nf8 11. Rg2 Bd6 12. Bd2 dxc4 13. Bxc4 b5 14. Bd3 Bb7 15. Be4 Qb6 16. O-O-O O-O-O 17. Kb1 Ng6 18.
Rc1 Kb8 19. f4 f5 20. Bd3 c5 21. dxc5 Bxc5 22. Rh2 Bxe3 23. Bxe3 Qxe3 24. Bxb5 Nxf4 25. Qa4 Nd3 26. Bxd3 Qxd3+ 27. Ka1 e5 28. Qa5 Qe3 29. Rb1 Qd4 30. Re1 Rd7 31. a3 Re8 32. Rd1 Qxd1+ 33.
Nxd1 Rxd1+ 34. Ka2 Bd5+ 35. b3 Rc8 36. Kb2 Ka8 37.
Rxh7 Bb7 38. Rxb7 Kxb7 39. Qb5+ Ka8 40. Qxe5 Rd2+ 41. Kb1 Rd1+ 42. Kb2 Rd2+ 43. Kb1 Rg8 44. Kc1 Rdd8 45. Qxf5 Rc8+ 46. Kd1 Rgd8+ 1/2-1/2